 Dungeon Crawl Stone Soup version 0.27.1-3-gb3d3a73c9e (webtiles) character file.

Game seed: 6223905688209489183

548 dredge the Covered (level 6, -2/52 HPs)
             Began as a Demigod Fighter on Oct 30, 2021.
             Killed from afar by an orc wizard (6 damage)
             ... with a magic dart
             ... on level 4 of the Dungeon.
             The game lasted 00:08:27 (4490 turns).

dredge the Covered (Demigod Fighter)                Turns: 4490, Time: 00:08:28

Health: -2/52      AC:  7    Str: 25    XL:     6   Next: 78%
Magic:  8/8        EV:  8    Int: 10    God:
Gold:   140        SH: 15    Dex: 13    Spells: 5/5 levels left

rFire    . . .     SeeInvis .   a - +0 long sword
rCold    . . .     Faith    .   c - +0 kite shield
rNeg     . . .     Spirit   .   b - +0 scale mail
rPois    .         Reflect  +   (no helmet)
rElec    .         Harm     .   (no cloak)
rCorr    .         Rampage  .   (no gloves)
Will     .....                  (no boots)
Stlth    ..........             d - amulet of reflection
HPRegen  0.17/turn              (no ring)
MPRegen  0.11/turn              (no ring)

@: no status effects
A: high mp 1, forlorn
a: no special abilities


You were on level 4 of the Dungeon.
You visited 1 branch of the dungeon, and saw 4 of its levels.

You collected 140 gold pieces.

Inventory:

Hand Weapons
 a - a +0 long sword (weapon)
 n - a +0 short sword of venom
 p - a +0 flail of holy wrath
Missiles
 j - 8 datura-tipped darts (quivered)
Armour
 b - a +0 scale mail (worn)
 c - a +0 kite shield (worn)
Magical Staves
 g - a staff of fire
Jewellery
 d - an amulet of reflection (around neck)
Wands
 r - a wand of flame (5)
Scrolls
 e - 4 scrolls of identify {unknown}
 f - a scroll of blinking {unknown}
 h - a scroll of silence {unknown}
 i - 2 scrolls of holy word {unknown}
 k - a scroll of noise {unknown}
 m - a scroll of vulnerability {unknown}
 q - a scroll of enchant armour {unknown}
Potions
 l - a potion of flight {unknown}
 o - a potion of degeneration {unknown}


   Skills:
 + Level 3.7 Fighting
 + Level 4.2 Long Blades
 + Level 4.5 Armour
 + Level 1.3 Dodging
 + Level 0.1 Stealth
 + Level 3.9 Shields


You had 5 spell levels left.
You didn't know any spells.
Your spell library contained the following spells:

 Spells                   Type           Power      Damage    Failure   Level
 Corona                   Hex            0%         N/A       98%         1
 Ensorcelled Hibernation  Hex/Ice        0%         N/A       99%         2
 Tukima's Dance           Hex            0%         N/A       100%        3


Dungeon Overview and Level Annotations

Branches:
Dungeon (4/15)
 Temple: D:4-7

Shops:
D:1 *   D:2 (


Innate Abilities, Weirdness & Mutations

Your attributes grow dramatically as you level up.
You have an increased reservoir of magic. (+10% MP)
You shall have no god before yourself.


Message History

You closely miss something.
You hear some strange, mumbled words.
A magic dart appears from out of thin air!
The magic dart hits you!
Something hits you but does no damage. x3
You feel less confused. You block something's attack.
You barely miss something.
You hear some strange, mumbled words.
A puff of flame appears from out of thin air!
The puff of flame hits you! Something hits you.
You miss something. You block something's attack.
You hear some strange, mumbled words.
Something tries to affect you, but you resist.
Something hits you.
You hear some strange, mumbled words.
Something tries to affect you, but you resist.
You barely miss something.
Something hits you but does no damage. x2
You barely miss something. Something hits you but does no damage.
You block something's attack.
You barely miss something. Something hits you.
* * * LOW HITPOINT WARNING * * *
Something hits you.
* * * LOW HITPOINT WARNING * * *
You hear some strange, mumbled words.
A magic dart appears from out of thin air!
The magic dart hits you.
* * * LOW HITPOINT WARNING * * *
Something hits you but does no damage.
You miss something. Something hits you.
* * * LOW HITPOINT WARNING * * *
You block something's attack.
You miss something. Something hits you but does no damage.
You hear some strange, mumbled words.
A puff of flame appears from out of thin air!
The puff of flame hits you.
* * * LOW HITPOINT WARNING * * *
You hear some strange, mumbled words.
A magic dart appears from out of thin air!
The magic dart hits you.
You die...

..#... .......#
#..# #........# #..
#...# ....###.# ..
##.... .......#
...#####..>..##
#.....#
.≈.....{.##...##
#....# .≈.....{@#
#...###....##
≈.####..#
#...........##
#..####.....####..#
#...# #...### ##..
#...###..## #..
#...##..## ##..
#.......# #...
...#......## #..#
...........# #..#


There were no monsters in sight!

Vanquished Creatures
  A water moccasin (D:4)
  An ogre (D:4)
  A phantom (D:4)
  A bullfrog (D:4)
  A water moccasin skeleton (D:4)
  Jessica (D:3)
  A killer bee zombie (D:4)
  A hound skeleton (D:4)
  3 adders
  A worm (D:2)
  2 dart slugs
  5 orcs
  7 bats
  3 endoplasms
  A giant cockroach (D:3)
  13 goblins
  7 hobgoblins
  6 jackals
  10 kobolds
  3 quokkas
  11 ball pythons
  A frilled lizard (D:2)
  7 rats
  A spectral orc (D:3)
89 creatures vanquished.

Notes
Turn   | Place    | Note
-------+----------+-------------------------------------------
     0 | D:1      | dredge the Demigod Fighter began the quest for the Orb.
     0 | D:1      | Reached XP level 1. HP: 18/18 MP: 3/3
   199 | D:1      | Reached XP level 2. HP: 25/25 MP: 4/4
   478 | D:1      | Found Ozem's General Store.
   777 | D:1      | Reached XP level 3. HP: 30/31 MP: 5/5
  1791 | D:2      | Found Ifuot's Antique Weapon Boutique.
  2077 | D:3      | Noticed Jessica
  2080 | D:3      | Killed Jessica
  2081 | D:3      | Reached XP level 4. HP: 35/38 MP: 6/6
  3254 | D:4      | Noticed a bullfrog
  3419 | D:4      | Noticed a water moccasin
  3419 | D:4      | Noticed an ogre
  3500 | D:4      | Killed an ogre
  3501 | D:4      | Reached skill level 1 in Dodging
  3501 | D:4      | Reached XP level 5. HP: 33/45 MP: 7/7
  3510 | D:4      | Killed a water moccasin
  3511 | D:4      | Reached XP level 6. HP: 15/51 MP: 8/8
  4490 | D:4      | Killed from afar by an orc wizard

Illustrated notes

Levels and vault maps discovered:
D:1:      dpeg_arrival_refuge, layout_rooms, serial_shops, nicolae_diamond_shop
D:2:      layout_basic, serial_shops, shop_statue,
          shapermc_ecumenical_altar_acropolis, item_on_display_a
D:3:      layout_basic, yredelemnul_forgotten_temple_becter, uniq_jessica
D:4:      minmay_clustersquares, layout_layer_cave, cheibriados_altar_1,
          mainiacjoe_overflow_boulevard, minmay_temple_entry_sparse_star

Skill      XL: |  1  2  3  4  5  6 |
---------------+-------------------+-----
Long Blades    | 2 3 4 |  4.2
Fighting       | 3 |  3.7
Shields        | 3 |  3.9
Armour         | 3 4 |  4.5
Dodging        | 1 |  1.3
Stealth        | |  0.1

Action                   |  1- 3 |  4- 6 || total
-------------------------+-------+-------++-------
Melee: Long sword        |   160 |   193 ||   353
  Use: Potion            |       |     3 ||     3
Armor: Scale mail        |    81 |    91 ||   172
Dodge: Dodged            |    73 |    61 ||   134
Block: Kite shield       |   100 |   157 ||   257
       Rpst.: Long sword |    23 |    20 ||    43
